 Dungeon Crawl Stone Soup version 0.27-a0-417-g317cea8a3c (webtiles) character file.

Game seed: 13670857156835741856

30 dickylongcocking the Insei (level 3, -7/26 HPs)
             Began as an Octopode Monk on Feb 26, 2021.
             Killed from afar by an orc wizard (10 damage)
             ... with a magic dart
             ... on level 2 of the Dungeon.
             The game lasted 00:00:35 (959 turns).

dickylongcocking the Insei (Octopode Monk)           Turns: 959, Time: 00:00:36

Health: -7/26      AC:  1    Str: 10    XL:     3   Next: 20%
Magic:  3/3        EV: 14    Int: 12    God:
Gold:   75         SH:  0    Dex: 15    Spells: 2/2 levels left

rFire    . . .     SeeInvis .     - Unarmed
rCold    . . .     Faith    .   (no shield)
rNeg     . . .     Spirit   .   (helmet restricted)
rPois    .         Reflect  .   (no amulet)
rElec    .         Harm     .   (no ring)
rCorr    .         Rampage  .   (no ring)
Will     .....                  (no ring)
Stlth    +++.......             (no ring)
HPRegen  0.08/turn              (no ring)
MPRegen  0.08/turn              (no ring)
                                (no ring)
                                (no ring)

@: no status effects
A: almost no armour, stealthy swim, amphibious, 8 rings, constrict 8, camouflage
1, gelatinous body 1
a: no special abilities


You were on level 2 of the Dungeon.
You visited 1 branch of the dungeon, and saw 2 of its levels.

You collected 75 gold pieces.

Inventory:

Scrolls
 a - 2 scrolls of identify {unknown}
 b - a scroll of magic mapping {unknown}
Potions
 c - a potion of flight {unknown}
 d - a potion of curing {unknown}
 e - a potion of degeneration {unknown}


   Skills:
 - Level 3.0 Fighting
 - Level 3.0 Dodging
 + Level 3.6 Stealth
 * Level 3.9 Unarmed Combat


You had 2 spell levels left.
You didn't know any spells.
Your spell library was empty.

Dungeon Overview and Level Annotations

Branches:
Dungeon (2/15)

Altars:


Innate Abilities, Weirdness & Mutations

You cannot wear most types of armour.
You are very stealthy in the water. (Stealth+)
You are amphibious.
You can wear up to eight rings at the same time.
You can use your tentacles to constrict eight enemies at once.
Your skin changes colour to match your surroundings (Stealth+).
Your rubbery body absorbs attacks. (AC +1, EV +1)


Message History

No target in view!
No target in view!
No target in view!
No target in view!
No target in view!
A rat comes into view.
The rat moves out of view.
A frilled lizard and an orc wizard come into view.
The orc wizard shouts!
There are monsters nearby!
There are monsters nearby!
An orc comes into view. It is wielding a +0 hand axe.
The orc wizard gestures at you while chanting.
The puff of flame hits you!
An orc wizard comes into view. It is wielding a +0 dagger.
The orc wizard shouts!
You hear a shout!
The orc wizard points at you and mumbles some strange words.
The magic dart hits you.
You are too injured to fight recklessly!
You are too injured to fight recklessly!
You are too injured to fight recklessly!
You are too injured to fight recklessly!
You are too injured to fight recklessly!
You are too injured to fight recklessly!
You are too injured to fight recklessly!
You are too injured to fight recklessly!
You are too injured to fight recklessly!
You are too injured to fight recklessly!
You are too injured to fight recklessly!
You are too injured to fight recklessly!
You are too injured to fight recklessly!
You are too injured to fight recklessly!
Unknown command.
The orc wizard casts a spell at you. The magic dart hits you.
* * * LOW HITPOINT WARNING * * *
There is a stone staircase leading down here.
The orc wizard points at you and mumbles some strange words.
The magic dart hits you!
You die...

### #.. #.. ###.#### #... #
#..o...#####.... ....
..###.#oo...#....... ....
.................... .....
#................... .....
.#...##.@............
...... ....................
......##...#........#......
......†.............# #....
#..................# ..l
##....†............# ..
....#..............## ###
#.....<.......###
#..........#....#


You could see 2 orc wizards and an orc.

Vanquished Creatures
  An adder (D:2)
  A dart slug (D:1)
  An orc (D:2)
  3 bats (D:1)
  3 goblins
  3 hobgoblins (D:1)
  A frilled lizard (D:1)
  3 kobolds (D:1)
  3 rats (D:1)
19 creatures vanquished.

Notes
Turn   | Place    | Note
-------+----------+-------------------------------------------
     0 | D:1      | dickylongcocking the Octopode Monk began the quest for the
                  | Orb.
     0 | D:1      | Reached XP level 1. HP: 16/16 MP: 1/1
   427 | D:1      | Reached XP level 2. HP: 18/21 MP: 2/2
   902 | D:2      | Reached XP level 3. HP: 25/26 MP: 3/3
   959 | D:2      | Killed from afar by an orc wizard

Illustrated notes

Levels and vault maps discovered:
D:1:      dpeg_arrival_snail, layout_rooms, serial_park_tiny_2,
          chequers_decorated_corner
D:2:      layout_rooms

Skill      XL: |  1 |
---------------+----+-----
Stealth        | 3 |  3.6
Fighting       | |  3.0
Dodging        | |  3.0
Unarmed Combat | |  3.9

Action                   || total
-------------------------++-------
Melee: Unarmed           ||    36
       Constrict         ||     9
       Tentacles         ||     3
       Punch             ||     2
 Stab: Sleeping          ||     7
Armor: Skin              ||     5
Dodge: Dodged            ||    25

Table legend: (Time is in decaauts)
 A = Elapsed time spent in this place.
 B = Non-inter-level travel time spent in this place.
 C = Inter-level travel time spent in this place.
 D = Time resting spent in this place.
 E = Time spent auto-exploring this place.
 F = Levels seen in this place.
 G = Mean time per level.
                   A        B        C        D        E       F      G
               +--------+--------+--------+--------+--------+-----+--------+
         Total |    956 |    937 |     19 |    231 |    585 |   2 |  478.0 |
       Dungeon |    956 |    937 |     19 |    231 |    585 |   2 |  478.0 |
               +--------+--------+--------+--------+--------+-----+--------+

Top non-repeatable levels by time:
     D:1: 892 daAuts
     D:2: 64 daAuts
